 Dungeon Sprint DCSS version 0.31-a0-1074-g0b22e4e0f1 (webtiles) character file.

Game seed: 18106961957480021387

425 rocky1 the Unseen (level 6, -4/56 HPs)
             Began as a Naga Brigand on Dec 1, 2023.
             Was a Believer of Cheibriados.
             Killed from afar by a burning bush (13 damage)
             ... with a puff of flame
             ... in the Dungeon (Sprint IV: "Fedhas' Mad Dash").
             The game lasted 00:02:54 (2287 turns).

rocky1 the Unseen (Naga Brigand)                    Turns: 2287, Time: 00:02:54

Health: -4/56      AC:  4    Str: 18    XL:     6   Next: 96%
Magic:  9/9        EV: 10    Int: 16    God:    Cheibriados [**....]
Gold:   116        SH:  0    Dex: 20    Spells: 5/5 levels left

rFire   . . .        n - +2 rapier (freeze)
rCold   . . .        (no shield)
rNeg    . . .        b - +0 robe
rPois   +            (no helmet)
rElec   .            c - +0 cloak
rCorr   .            (no gloves)
SInv    +            (no barding)
Will    .....        l - amulet of invisibility {+Inv}
Stlth   +++++++      (no ring)
HPRegen 0.29/turn    (no ring)
MPRegen 0.11/turn

%: no teleportation
@: very slightly contaminated, very slow
A: AC +2, large, see invisible, deformed body, poison resistance, slowness 2,
spit poison 1, naga tail 1
a: Spit Poison, Renounce Religion, Evoke Invisibility, Bend Time


You were in the Dungeon.
You worshipped Cheibriados.
Cheibriados was pleased with you.
You visited 1 branch You collected 116 gold pieces.

Inventory:

Hand Weapons
 a - a +2 dagger
 n - a +2 rapier of freezing (weapon)
Missiles
 d - 9 poisoned darts (quivered)
 e - 3 curare-tipped darts
Armour
 b - a +0 robe (worn)
 c - a +0 cloak (worn)
Jewellery
 l - the amulet of invisibility (around neck) {+Inv}
   (You found it in the Dungeon)

   [amulet of nothing]

   +Inv:      It lets you turn invisible.
Scrolls
 k - a scroll of blinking
 m - a scroll of amnesia {unknown}
Potions
 f - a potion of curing
 h - a potion of haste
 i - 2 potions of magic
 j - a potion of berserk rage


   Skills:
 + Level 3.6 Fighting
 * Level 5.5 Short Blades
 - Level 2.1 Throwing
 + Level 1.8 Dodging
 + Level 16.8 Stealth
 * Level 5.0 Invocations
 * Level 5.1 Evocations


You had 5 spell levels left.
You didn't know any spells.
Your spell library was empty.

Dungeon Overview and Level Annotations

Branches:
Dungeon (1/1)

Altars:
Cheibriados
Dithmenos
Elyvilon
Gozag
Hepliaklqana
Kikubaaqudgha
Makhleb
Nemelex Xobeh
Okawaru
Qazlal
Ru
Sif Muna
Trog
Uskayaw
Vehumet
Wu Jian
Xom
Yredelemnul
Zin
The Shining One
Jiyva
Lugonu

Shops:
D [?


Innate Abilities, Weirdness & Mutations

Your serpentine skin is tough. (AC +2)
You have supernaturally acute eyesight. (SInv)
Armour fits poorly on your strangely shaped body.
Your system is resistant to poisons. (rPois)
You cover ground very slowly.
You can spit poison.
You have a snake-like lower body.


Message History

The puff of flame hits you!
You hit the burning bush but do no damage.
The burning bush is lightly damaged.
The burning bush throws fire at you. The puff of flame hits you!
* * * LOW HITPOINT WARNING * * *
You hit the burning bush. You freeze the burning bush.
The burning bush is moderately damaged.
You hit the burning bush. You freeze the burning bush.
The burning bush is heavily damaged.
You feel much better.
You flicker for a moment.
Unknown command.
You hit the burning bush. You freeze the burning bush.
The burning bush is heavily damaged.
You hit the burning bush but do no damage.
The burning bush is heavily damaged.
The burning bush throws fire at you. The puff of flame hits you.
You hit the burning bush but do no damage.
The burning bush is heavily damaged.
The burning bush throws fire at you. The puff of flame hits you.
You hit the burning bush but do no damage.
The burning bush is heavily damaged.
You hit the burning bush but do no damage.
The burning bush is heavily damaged.
You puncture the burning bush! You freeze the burning bush.
The burning bush is severely damaged.
You flicker back into view.
You hit the burning bush but do no damage.
The burning bush is severely damaged.
The burning bush throws fire at you. The puff of flame hits you!
* * * LOW HITPOINT WARNING * * *
You hit the burning bush. You freeze the burning bush.
The burning bush is severely damaged.
The burning bush throws fire at you. The puff of flame hits you!
You die...

###################
_._.⌠.#.('.[)#....#
._._..'..#...#...P+
_._...#..###'##.@?#
._._..#.)##∩∩.'...#
_._.⌠.#############
#######


You could see a burning bush.

Vanquished Creatures
  A wandering mushroom (D)
  3 scorpions (D)
  3 oklob saplings (D)
  2 spriggans (D)
  A river rat (D)
  A rat (D)
11 creatures vanquished.

Vanquished Creatures (others)
  A wandering mushroom (D)
1 creature vanquished.

Grand Total: 12 creatures vanquished

Notes
Turn   | Place    | Note
-------+----------+-------------------------------------------
     0 | D        | rocky1 the Naga Brigand began the quest for the Orb.
     0 | D        | Reached XP level 1. HP: 19/19 MP: 1/1
    13 | D        | Reached skill level 8 in Stealth
    13 | D        | Reached XP level 2. HP: 11/26 MP: 2/2
   274 | D        | Noticed an oklob sapling
   276 | D        | Killed an oklob sapling
   277 | D        | Reached skill level 1 in Dodging
   277 | D        | Reached skill level 10 in Stealth
   277 | D        | Reached XP level 3. HP: 33/33 MP: 3/3
   279 | D        | Noticed a scorpion
   279 | D        | Found the amulet of invisibility {+Inv}
   281 | D        | Killed a scorpion
   282 | D        | Reached skill level 13 in Stealth
   282 | D        | Reached XP level 4. HP: 40/40 MP: 4/4
   306 | D        | Found an opulent altar of Gozag.
   306 | D        | Found a hazy altar of Hepliaklqana.
   306 | D        | Found a burning altar of Makhleb.
   306 | D        | Found a sparkling altar of Nemelex Xobeh.
   306 | D        | Found a snail-covered altar of Cheibriados.
   306 | D        | Found a sacrificial altar of Ru.
   306 | D        | Found a shimmering blue altar of Sif Muna.
   306 | D        | Found a shimmering altar of Xom.
   306 | D        | Found a basalt altar of Yredelemnul.
   308 | D        | Found a viscous altar of Jiyva.
   308 | D        | Found a bloodstained altar of Trog.
   308 | D        | Found an ornate altar of the Wu Jian Council.
   308 | D        | Noticed an oklob sapling priest
   309 | D        | Found an iron altar of Okawaru.
   309 | D        | Found a shadowy altar of Dithmenos.
   309 | D        | Found a glowing silver altar of Zin.
   310 | D        | Found an ancient bone altar of Kikubaaqudgha.
   310 | D        | Found a hide-covered altar of Uskayaw.
   311 | D        | Found a stormy altar of Qazlal.
   311 | D        | Found a white marble altar of Elyvilon.
   311 | D        | Found a glowing golden altar of the Shining One.
   312 | D        | Found a corrupted altar of Lugonu.
   312 | D        | Found a radiant altar of Vehumet.
   316 | D        | Killed an oklob sapling priest
   317 | D        | Reached skill level 14 in Stealth
   317 | D        | Reached skill level 1 in Evocations
   317 | D        | Reached XP level 5. HP: 49/49 MP: 4/6
   318 | D        | Became a worshipper of Cheibriados the Contemplative
   870 | D        | Reached * piety under Cheibriados
   871 | D        | Reached skill level 15 in Stealth
   872 | D        | Reached XP level 6. HP: 56/56 MP: 8/8
   885 | D        | Found Tyrin's Magic Scroll Shop.
   885 | D        | Found Pien's Antique Armour Emporium.
  1206 | D        | Noticed a burning bush
  1206 | D        | Noticed a wandering mushroom
  1207 | D        | Noticed a wandering mushroom
  1217 | D        | Reached ** piety under Cheibriados
  1218 | D        | Reached skill level 16 in Stealth
  1881 | D        | Killed a wandering mushroom
  1882 | D        | Reached skill level 5 in Short Blades
  1882 | D        | Reached skill level 5 in Invocations
  1882 | D        | Reached skill level 5 in Evocations
  2287 | D        | Killed from afar by a burning bush

Illustrated notes

Levels and vault maps discovered:
D:        dungeon_sprint_fedhas [sprint_temple]

Skill      XL: |  1  2  3  4  5  6 |
---------------+-------------------+-----
Throwing       | 2 |  2.1
Stealth        | 8 10 13 14 15 16 | 16.8
Dodging        | 1 |  1.8
Short Blades   | 3 4 5 |  5.5
Fighting       | 3 |  3.6
Invocations    | 2 3 5 |  5.0
Evocations     | 1 3 5 |  5.1

Action                     |  1- 3 |  4- 6 || total
---------------------------+-------+-------++-------
  Melee: Dagger            |     6 |     6 ||    12
         Punch             |     1 |     2 ||     3
         Rapier            |       |    39 ||    39
  Throw: Dart              |     4 |       ||     4
Ability: Evoke Invisibilit |       |     6 ||     6
    Use: Potion            |       |     1 ||     1
   Stab: Sleeping          |     2 |     4 ||     6
         Invisible         |       |     3 ||     3
         Distracted        |       |     1 ||     1
 Armour: Robe              |     2 |    24 ||    26
  Dodge: Dodged            |     1 |    16 ||    17

Table legend: (Time is in decaauts)
 A = Elapsed time spent in this place.
 B = Non-inter-level travel time spent in this place.
 C = Inter-level travel time spent in this place.
 D = Time resting spent in this place.
 E = Time spent auto-exploring this place.
 F = Levels seen in this place.
 G = Mean time per level.
                   A        B        C        D        E       F      G
               +--------+--------+--------+--------+--------+-----+--------+
         Total |   2353 |   2353 |      0 |   2081 |      0 |   1 | 2353.0 |
       Dungeon |   2353 |   2353 |      0 |   2081 |      0 |   1 | 2353.0 |
               +--------+--------+--------+--------+--------+-----+--------+

Top non-repeatable levels by time:
       D: 2353 daAuts
